 Dungeon Crawl Stone Soup version 0.18.1-50-g88ac8fd (webtiles) character file.

47 Gargoyl the Skirmisher (level 3, -6/30 HPs)
             Began as a Demonspawn Abyssal Knight on Sept 14, 2016.
             Was a Believer of Lugonu.
             Mangled by Sigmund
             ... wielding a +0 scythe
              (8 damage)
             ... on level 2 of the Dungeon.
             The game lasted 00:02:20 (865 turns).

Gargoyl the Skirmisher (Demonspawn Abyssal Knight)   Turns: 865, Time: 00:02:21

Health: -6/30      AC:  5    Str: 15 (18) XL:     3   Next: 48%
Magic:  4/4        EV: 16    Int: 17 (18) God:    Lugonu [**....]
Gold:   74         SH:  0    Dex: 16 (17) Spells: 0 memorised, 2 levels left

rFire  . . .     SeeInvis .     a - +1 hand axe
rCold  . . .     Gourm    .     f - +0 ring mail
rNeg   . . .     Faith    .     (no shield)
rPois  .         Spirit   .     (no helmet)
rElec  .         Dismiss  .     (no cloak)
rCorr  .         Reflect  .     (no gloves)
SustAt .         Harm     .     (no boots)
MR     .....                    (no amulet)
Stlth  ++........               (no ring)
                                (no ring)

@: mighty, brilliant, agile, flying, very slightly contaminated, hasted, very
quick, not resistant to hostile enchantments, unstealthy
A: powered by pain 1
a: Depart the Abyss, Bend Space, Renounce Religion


You were on level 2 of the Dungeon.
You worshipped Lugonu.
Lugonu was pleased with you.
You were not hungry.

You visited 1 branch of the dungeon, and saw 2 of its levels.
You visited the Abyss 1 time.

You collected 74 gold pieces.

Inventory:

Hand Weapons
 a - a +1 hand axe (weapon)
Missiles
 m - 5 tomahawks (quivered)
Armour
 f - a +0 ring mail (worn)
Scrolls
 d - a scroll of fear {unknown}
 e - 3 scrolls of identify {unknown}
 k - a scroll of amnesia {unknown}
 n - a scroll of remove curse {unknown}
 o - a scroll of teleportation {unknown}
Potions
 h - a potion of haste
 j - a potion of flight
Comestibles
 c - 2 bread rations
 l - a slice of pizza


   Skills:
 + Level 3.8 Fighting
 + Level 2.0 Axes
 * Level 2.3 Armour
 + Level 1.1 Dodging
 + Level 0.2 Stealth
 + Level 2.5 Invocations


You had 2 spell levels left.
You didn't know any spells.

Dungeon Overview and Level Annotations

Branches:
Dungeon (2/15)

Altars:

Annotations:
D:2 Sigmund


Innate Abilities, Weirdness & Mutations

You sometimes gain a little power by taking damage.


Message History

You feel very buoyant.
You fly up into the air.
The ooze completely misses you. Something hits you.
* * * LOW HITPOINT WARNING * * *
The ooze hits you.
* * * LOW HITPOINT WARNING * * *
Drink which item? (? for menu, Esc to quit)
It was a potion of degeneration.
There was something very wrong with that liquid.
You feel weakened.
You feel dopey.
You feel clumsy.
Drink which item? (? for menu, Esc to quit)
It was a potion of brilliance.
You feel clever all of a sudden. The ooze misses you.
Something hits you but does no damage.
You barely miss the ooze. The ooze completely misses you.
Unknown command.
You slash the ooze!
The ooze is almost dead.
Something hits you!
You die...

.......#####...............
........##.......##........
........##....<..###......)
.........#....... #.......
.........#.....# #.......
......)..#.....#####.......
.........#........#........
.........#........#......#.
....####)J@..............##
... +.......##........# ..
#.†...####........# .
#...#.# ###........
#....... #........
#........# #....###.
.................#
$.###...........### ...
#.........


You could see an ooze.

Vanquished Creatures
  An ooze (D:1)
  2 dart slugs (D:1)
  A giant gecko (D:2)
  A bat (D:1)
  2 giant cockroaches
  8 goblins
  5 hobgoblins
  A quokka (D:2)
  A ball python (D:1)
  5 giant newts (D:1)
  4 kobolds
  4 rats (D:1)
35 creatures vanquished.

Notes
Turn   | Place    | Note
--------------------------------------------------------------
     0 | Abyss:1  | Gargoyl the Demonspawn Abyssal Knight began the quest for the Orb.
     0 | Abyss:1  | Reached XP level 1. HP: 18/18 MP: 2/2
   110 | Abyss:1  | Noticed a green death
   128 | Abyss:1  | Noticed a small abomination
   128 | Abyss:1  | Noticed a small abomination
   130 | Abyss:1  | Noticed a starcursed mass
   133 | D:1      | Escaped the Abyss
   323 | D:1      | Reached * piety under Lugonu
   325 | D:1      | Gained mutation: You sometimes gain a little power by taking damage. [demonic ancestry]
   325 | D:1      | Reached XP level 2. HP: 19/24 MP: 3/3
   395 | D:1      | Reached skill level 1 in Dodging
   535 | D:1      | Reached XP level 3. HP: 22/30 MP: 4/4
   841 | D:2      | Reached ** piety under Lugonu
   846 | D:2      | Noticed Sigmund
   865 | D:2      | Mangled by Sigmund

Skill      XL: |  1  2  3 |
---------------+----------+-----
Armour         | 2 |  2.3
Dodging        | 1 |  1.1
Axes           | 2 |  2.0
Fighting       | |  3.8
Stealth        | |  0.2
Invocations    | |  2.5

Action                   || total
-------------------------++-------
Melee: Hand axe          ||    98
Invok: Depart the Abyss  ||     1
  Use: Potion            ||     6
Armor: Ring mail         ||    50
Dodge: Dodged            ||    69
